 Dungeon Crawl Stone Soup version 0.25.0-1-g7eea58d (webtiles) character file.

Game seed: 7501358254091232156

4736 Illumine the Spear-Bearer (level 10, -2/79 HPs)
             Began as a Demonspawn Berserker on June 24, 2020.
             Was a High Priest of Trog.
             Slain by a blink frog (5 damage)
             ... while petrified by a basilisk
             ... on level 1 of the Lair of Beasts.
             The game lasted 00:16:22 (9737 turns).

Illumine the Spear-Bearer (Demonspawn Berserker)    Turns: 9737, Time: 00:16:22

Health: -2/79      AC: 15    Str: 21    XL:     10   Next: 22%
Magic:  10/10      EV:  2    Int:  8    God:    Trog [*****.]
Gold:   600        SH:  0    Dex: 13    Spells: 9/9 levels left

rFire    + . .     SeeInvis .   h - +2 spear (flame)
rCold    . . .     Gourm    .   (no shield)
rNeg     + + +     Faith    .   I - +2 ring mail {rPois}
rPois    ∞         Spirit   .   y - +0 helmet
rElec    .         Reflect  .   (no cloak)
rCorr    .         Harm     .   (no gloves)
MR       .....                  (boots unavailable)
Stlth    +.........             H - amulet of magic regeneration
HPRegen  0.23/turn              C - ring of protection from fire
MPRegen  0.37/turn              (no ring)

@: petrified, sanguine armour, berserk cooldown, slowed
A: talons 3, demonic guardian 1, powered by death 1, sanguine armour 1
a: Berserk, Trog's Hand, Brothers in Arms, Renounce Religion


You were on level 1 of the Lair of Beasts.
You worshipped Trog.
Trog was extremely pleased with you.
You were hungry.

You visited 3 branches of the dungeon, and saw 11 of its levels.
You also visited: Sewer.

You collected 600 gold pieces.

Inventory:

Hand Weapons
 a - a +0 spear
 e - a +0 shortbow
 h - a +2 spear of flaming (weapon)
Missiles
 z - 99 arrows
 G - 92 bolts
Armour
 y - a +0 helmet (worn)
 D - a +0 plate armour
 I - a +2 ring mail of poison resistance (worn)
Jewellery
 C - a ring of protection from fire (left hand)
 H - an amulet of magic regeneration (around neck)
Wands
 p - a wand of polymorph (13)
 u - a wand of acid (9)
Scrolls
 b - a scroll of holy word {unknown}
 d - a scroll of random uselessness {unknown}
 g - 7 scrolls of magic mapping
 j - 3 scrolls of remove curse
 k - a scroll of summoning {unknown}
 v - 4 scrolls of blinking
 w - 2 scrolls of fear {unknown}
 x - 3 scrolls of teleportation
 F - a scroll of noise {unknown}
Potions
 f - 2 potions of flight
 i - 2 potions of magic
 l - 4 potions of curing
 m - a potion of berserk rage {unknown}
 n - 3 potions of heal wounds
 o - a potion of ambrosia
 r - a potion of might
 s - 2 potions of brilliance
 t - 5 potions of haste
 A - 2 potions of mutation
 E - a potion of stabbing {unknown}
Comestibles
 c - 11 rations
 q - 4 chunks of flesh


   Skills:
 + Level 7.6 Fighting
 + Level 8.7 Polearms
 + Level 1.4 Bows
 + Level 6.5 Armour
 + Level 6.5 Dodging


You had 9 spell levels left.
You didn't know any spells.
Your spell library was empty.

Dungeon Overview and Level Annotations

Branches:
Dungeon (9/15)             Temple (1/1) D:5            Lair (1/6) D:9
  Sewer (visited)
    Orc: D:9-12

Altars:
Ashenzari
Dithmenos
Elyvilon
Fedhas
Gozag
Kikubaaqudgha
Nemelex Xobeh
Qazlal
Sif Muna
Trog
Wu Jian
Xom
Zin
The Shining One

Shops:
D:6 (   D:7 !   D:8 *


Innate Abilities, Weirdness & Mutations

You have claws for feet.
A weak demonic guardian rushes to your aid.
You regenerate a little health from kills.
When seriously injured, your bleeding wounds create armour. (AC +6)


Message History

The basilisk is severely wounded.
The basilisk gazes at you.
You are slowing down.
Your ufetubus misses the blink frog. x2; The blink frog hits your ufetubus!
Your ufetubus dies!
The blink frog hits you!
* * * LOW HITPOINT WARNING * * *
The blink frog blinks!
You feel a strong urge to attack something.
Your limbs are stiffening.
The basilisk gazes at you.
Your limbs have turned to stone.
You have turned to stone.
You are no longer berserk.
You feel yourself slow down.
The blink frog blinks! x2
The blink frog hits you but does no damage.
The blink frog hits you.
* * * LOW HITPOINT WARNING * * *
The basilisk bites something!
The blink frog hits you!
You die...

.. #.. ..##.. ....P.
......########
.......P..#..##
.........#....#
.........FlP..#
.........FF#####
.........##@...##
......###.####..#
#...#.##.... ##.###
...##...#..###.#..# ...
#.............# ..
.....F....#..#
.............P......##.#
.................#...##.#
....................P####


You could see a basilisk and 3 blink frogs.

Vanquished Creatures
  An unseen horror (D:9)
  A centaur skeleton (D:7)
  A hippogriff (D:8)
  Eustachio (D:5)
  A vampire (D:9)
  2 porcupines (D:9)
  An ice beast (D:9)
  A sky beast (D:5)
  A hornet zombie (D:7)
  An orc warrior (D:8)
  2 black bears
  3 ogres
  A wolf (D:9)
  A centaur (D:8)
  A wyvern zombie (D:7)
  3 bullfrogs
  A gnoll sergeant (D:6)
  A wyvern skeleton (D:8)
  A water moccasin zombie (D:8)
  A howler monkey (D:5)
  4 crimson imps
  7 hounds
  4 orc wizards
  2 orc priests
  Jessica (D:2)
  An iguana (D:6)
  6 worker ants
  A hound zombie (D:5)
  8 gnolls
  14 adders
  6 river rats
  A shadow imp (D:7)
  2 oozes
  An adder skeleton (D:5)
  3 worms
  A dart slug (D:4)
  A leopard gecko (D:1)
  14 orcs
  7 bats
  5 giant cockroaches
  3 goblins (D:3)
  2 hobgoblins (D:3)
  13 jackals
  A quokka (D:7)
  15 ball pythons
  6 frilled lizards
  A giant cockroach zombie (D:5)
  5 kobolds
  29 rats
190 creatures vanquished.

Vanquished Creatures (collateral kills)
  A centaur zombie (D:7)
  A gargoyle (D:9)
  A basilisk (D:9)
  A black bear (D:9)
  A wolf (D:9)
  2 bullfrogs
  A bullfrog zombie (D:5)
  2 orc wizards (D:4)
  3 gnolls
  2 adders
  A shadow imp (D:7)
  A leopard gecko (D:9)
  An orc (D:7)
  A ball python (Sewer)
  2 rats (Sewer)
21 creatures vanquished.

Vanquished Creatures (others)
  A plant (D:9)
  4 toadstools (D:6)
5 creatures vanquished.

Grand Total: 216 creatures vanquished

Notes
Turn   | Place    | Note
-------+----------+-------------------------------------------
     0 | D:1      | Illumine the Demonspawn Berserker began the quest for the
                  | Orb.
     0 | D:1      | Reached XP level 1. HP: 18/18 MP: 1/1
   213 | D:1      | Gained mutation: When seriously injured, your bleeding
                  | wounds create armour. (AC +6) [demonic ancestry]
   213 | D:1      | Reached XP level 2. HP: 19/24 MP: 2/2
   334 | D:1      | Reached skill level 3 in Polearms
   908 | D:2      | Gained mutation: A weak demonic guardian rushes to your
                  | aid. [demonic ancestry]
   908 | D:2      | Reached XP level 3. HP: 15/29 MP: 3/3
  1213 | D:2      | Reached ** piety under Trog
  1679 | D:2      | Noticed Jessica
  1684 | D:2      | Killed Jessica
  1684 | D:2      | Gained mutation: You have sharp toenails. [demonic
                  | ancestry]
  1684 | D:2      | Reached XP level 4. HP: 35/35 MP: 4/4
  2326 | D:3      | Found a sparkling altar of Nemelex Xobeh.
  2569 | D:3      | Gained mutation: You have razor-sharp toenails. [demonic
                  | ancestry]
  2569 | D:3      | Reached XP level 5. HP: 27/42 MP: 5/5
  2598 | D:3      | Found a glowing drain.
  2605 | Sewer    | Entered a sewer
  2707 | Sewer    | Reached skill level 4 in Polearms
  2860 | Sewer    | Reached *** piety under Trog
  3249 | Sewer    | Reached XP level 6. HP: 10/48 MP: 6/6
  3705 | D:3      | Found a stormy altar of Qazlal.
  4366 | D:4      | Found a glowing golden altar of the Shining One.
  4579 | D:4      | Reached **** piety under Trog
  4611 | D:5      | Entered Level 5 of the Dungeon
  4618 | D:5      | Found a staircase to the Ecumenical Temple.
  4655 | D:5      | Reached skill level 5 in Polearms
  4660 | D:5      | Noticed Eustachio
  4690 | D:5      | Killed Eustachio
  4690 | D:5      | Reached XP level 7. HP: 23/55 MP: 7/7
  5284 | D:5      | Found a shattered altar of Ashenzari.
  5300 | D:5      | Reached skill level 5 in Fighting
  5717 | Temple   | Entered the Ecumenical Temple
  5809 | D:6      | Reached skill level 6 in Polearms
  5861 | D:6      | Gained mutation: You have claws for feet. [demonic
                  | ancestry]
  5861 | D:6      | Reached XP level 8. HP: 62/62 MP: 8/8
  6093 | D:6      | Found Plog's Weapon Boutique.
  6324 | D:6      | Found an opulent altar of Gozag.
  6324 | D:6      | Found an ancient bone altar of Kikubaaqudgha.
  6324 | D:6      | Found an ornate altar of the Wu Jian Council.
  6324 | D:6      | Found a white marble altar of Elyvilon.
  6331 | D:6      | Found a bloodstained altar of Trog.
  6336 | D:6      | Found a shimmering blue altar of Sif Muna.
  6788 | D:7      | Reached skill level 7 in Polearms
  6809 | D:7      | Reached ***** piety under Trog
  6816 | D:7      | Reached skill level 5 in Armour
  6816 | D:7      | Reached skill level 5 in Dodging
  6816 | D:7      | Reached XP level 9. HP: 33/69 MP: 9/9
  7031 | D:7      | Found Xeinaics's Distillery.
  7261 | D:7      | Noticed a hellwing
  7495 | D:8      | Found a blossoming altar of Fedhas.
  7864 | D:8      | Found Ucerofou's Demolitions Depot.
  7886 | D:8      | Found a shadowy altar of Dithmenos.
  8138 | D:8      | Reached skill level 8 in Polearms
  8546 | D:9      | Killed an unseen horror
  8874 | D:9      | Found a staircase to the Lair.
  8919 | D:9      | Gained mutation: You regenerate a little health from kills.
                  | [demonic ancestry]
  8919 | D:9      | Reached XP level 10. HP: 33/79 MP: 10/10
  9324 | D:8      | Reached skill level 1 in Bows
  9460 | D:9      | Noticed a gargoyle
  9471 | D:9      | Killed a gargoyle
  9497 | Lair:1   | Entered Level 1 of the Lair of Beasts
  9736 | Lair:1   | HP: 3/79 [blink frog (2)]
  9737 | Lair:1   | Slain by a blink frog

Illustrated notes

Levels and vault maps discovered:
D:1:      eino_arrival_druids_welcome, layout_basic, minmay_misc_feat_chi
D:2:      layout_loops_ring, uniq_jessica
D:3:      layout_basic, grunt_qazlal_clouds, lightli_sewer_entry_pipes,
          nemelex_altar_shiori
D:4:      layout_rooms, lemuel_coloured_pillars_altar
D:5:      layout_basic, nicolae_ashenzari_panopticon,
          minmay_temple_entry_statues_fountains, first_ration, grunt_decor_cap,
          grunt_decor_mini_mirrors, uniq_eustachio
D:6:      layout_gridville, minmay_overflow_temple_hex, serial_shops, shop,
          minmay_gold_behind_fungi
D:7:      cheibrodos_grave_circle, layout_loops_cross, dancing_weapons_uskayaw,
          serial_shops, shop, ebering_ghost_inner_flame
D:8:      layout_rooms, lemuel_round_altar, minivault_25, nicolae_blasting_shop,
          fedhas_altar_4
D:9:      layout_roguey, marbit_many_paths, minmay_lair_entry_grove, the_bakery,
          chequers_garden, nicolae_gozag_seed_capital
Temple:   compressed_dpeg_triangle_lava_temple
Lair:1:   layout_cave_shapes, gammafunk_ghost_icy

Skill      XL: |  1  2  3  4  5  6  7  8  9 10 |
---------------+-------------------------------+-----
Polearms       | 3 4 5 6 7 8 |  8.7
Armour         | 2 3 4 5 6 |  6.5
Dodging        | 2 3 4 5 6 |  6.5
Fighting       | 4 5 6 7 |  7.6
Bows           | 1 |  1.4

Action                   |  1- 3 |  4- 6 |  7- 9 | 10-12 || total
-------------------------+-------+-------+-------+-------++-------
Melee: Spear             |   138 |   221 |   355 |    45 ||   759
       Kick              |       |    44 |   108 |    17 ||   169
 Fire: Shortbow          |       |       |       |     3 ||     3
Invok: Berserk           |       |     1 |       |     1 ||     2
       Brothers in Arms  |       |       |       |     1 ||     1
  Use: Scroll            |       |       |    16 |     2 ||    18
       Potion            |       |       |     3 |       ||     3
 Stab: Sleeping          |     2 |     1 |       |       ||     3
       Distracted        |     1 |       |     2 |       ||     3
  Eat: Chunk             |     3 |     7 |    13 |     3 ||    26
       Ration            |       |     1 |       |       ||     1
Armor: Animal skin       |    31 |    37 |       |       ||    68
       Plate armour      |       |    39 |    87 |       ||   126
       Ring mail         |       |       |    70 |    43 ||   113
Dodge: Dodged            |   101 |   126 |   150 |    67 ||   444
